 Dungeon Crawl Stone Soup version 0.31-a0-229-g1fc7ce93e2 (webtiles) character file.

Game seed: 15266789329451579164

248 qw the Shooter (level 6, 0/37 HPs)
             Began as a Gargoyle Hexslinger on July 6, 2023.
             Slain by a bullfrog (3 damage)
             ... in a sewer.
             The game lasted 00:01:08 (3161 turns).

qw the Shooter (Gargoyle Hexslinger)                Turns: 3161, Time: 00:01:08

Health: 0/37       AC:  8    Str: 10 (12) XL:     6   Next: 12%
Magic:  16/16      EV:  8    Int: 11 (13) God:
Gold:   157        SH:  0    Dex: 14      Spells: 6/7 levels left

rFire   . . .        m - +1 sling (heavy)
rCold   . . .        (no shield)
rNeg    + + .        b - +0 leather armour
rPois   inf          (no helmet)
rElec   +            (no cloak)
rCorr   .            d - +0 pair of gloves
SInv    .            (no boots)
Will    .....        (no amulet)
Stlth   +            g - ring of positive energy
HPRegen 0.26/turn    a - ring of Makhleb's Inspiration {MP+9 Slay+4}
MPRegen 0.15/turn

%: no passive effects
@: about to teleport, constricted
A: sickness immunity, AC +4, negative energy resistance 1, electricity
resistance, torment resistance 1, petrification resistance
a: no special abilities


You were in a sewer.
You visited 1 branch of the dungeon, and saw 4 of its levels.
You also visited: Sewer.

You collected 157 gold pieces.


Innate Abilities, Weirdness & Mutations

You are immune to sickness and miasma.
Your stone body is resilient. (AC +4)
You are immune to poison.
You resist negative energy. (rN+)
You are resistant to electric shocks. (rElec)
You are resistant to unholy torment.
You are immune to petrification.


   Skills:
 - Level 3.0 Fighting
 + Level 5.6 Ranged Weapons
 - Level 1.5 Dodging
 - Level 1.0 Spellcasting
 - Level 2.6 Hexes


You had 6 spell levels left.
You knew the following spells:

 Your Spells              Type           Power      Damage    Failure   Level
a - Slow                  Hex            24%        N/A       14%         1

Your spell library contained the following spells:

 Spells                   Type           Power      Damage    Failure   Level
 Inner Flame              Hex/Fire       3%         N/A       58%         3
 Portal Projectile        Hex/Tloc       6%         N/A       58%         3
 Cause Fear               Hex            3%         N/A       82%         4

Inventory:

Hand Weapons
 m - a +1 heavy sling (weapon)
Armour
 b - a +0 leather armour (worn)
 d - a +0 pair of gloves (worn)
Jewellery
 a - the ring of Makhleb's Inspiration (right hand) {MP+9 Slay+4}
   (You acquired it on level 1 of the Dungeon)

   [ring of slaying]

   Slay:      It affects your accuracy & damage with ranged weapons and melee
   (+4).
   MP:        It affects your magic capacity (+9).
 g - a ring of positive energy (left hand)
Scrolls
 e - a scroll of identify
 f - a scroll of teleportation
Potions
 c - a potion of magic {unknown}
 h - 2 potions of cancellation
 i - 2 potions of attraction {unknown}
 j - a potion of lignification {unknown}
 k - 3 potions of curing
 l - a potion of haste {unknown}
 n - a potion of mutation {unknown}

Dungeon Overview and Level Annotations

Branches:
Dungeon (4/15)              Sewer (1/1)
 Temple: D:4-7

Altars:
Elyvilon
Ru

Annotations:
D:3 3 runed translucent doors, qw's ghost, weakling GrFi


Message History

You shoot a sling bullet. The ball python hisses angrily.
The sling bullet hits the ball python!
You kill the ball python!
The bullfrog hits you but does no damage. x2
The ball python closely misses you. The ball python grabs you.
The ball python constricts you.
The ball python bites you but does no damage.
The bullfrog hits you.
The bullfrog hits you but does no damage.
The ball python bites you but does no damage.
The ball python constricts you.
The ball python bites you but does no damage.
The bullfrog barely misses you. x2
You shoot a sling bullet. The sling bullet hits the ball python!
You kill the ball python!
The adder closely misses you. The bullfrog hits you.
The ball python closely misses you. The ball python grabs you.
The ball python constricts you. The bullfrog hits you.
The ball python closely misses you. The adder bites you.
The bullfrog hits you but does no damage.
The ball python closely misses you. The ball python constricts you.
The bullfrog hits you but does no damage.
The ball python bites you but does no damage.
The adder barely misses you.
You shoot a sling bullet.
The sling bullet barely misses the ball python.
The bullfrog closely misses you. The bullfrog hits you!
The ball python closely misses you. The ball python constricts you.
The ball python bites you. The adder bites you. The bullfrog barely misses you.
The bullfrog hits you.
The ball python bites you but does no damage.
The ball python constricts you.
The ball python bites you but does no damage.
The adder bites you but does no damage.
3161 ||| READING 2 scrolls of teleportation.
As you read the scroll of teleportation, it crumbles to dust.
You feel strangely unstable. The bullfrog hits you.
You die...

~~%~~#
#####~~~~~~#
~~~~~#
#~~~~~~#
~~~~~#
#~~~~~~#
~~~~~#
#~~~~~~#
~~~~~#
#~~~~~~#
~..~##
#~~~~~~#
..(~~#
#~~~#~~#
..~.##
#~~~~.~#
~~~~~#
#~~~S@S#
~~~~~#
#~~~SFF#
~~~~~#
#~~~~S~#
~~~~~#
#~~~~~~#
~~~~~#
#~~~~~~#
~~~~~#
#~~~~~~#
~~~~~#
#~~#~~~#
~..~##
##~...##
.....#
.....S


You could see 2 bullfrogs, an adder and 3 ball pythons.

Vanquished Creatures
  An orc priest (D:4)
  An orc wizard (D:3)
  4 river rats (Sewer)
  5 adders
  A worm (D:4)
  2 dart slugs
  10 orcs
  13 ball pythons
  7 endoplasms
  4 giant cockroaches
  4 goblins
  4 hobgoblins
  6 jackals
  3 quokkas
  4 bats
  4 frilled lizards
  3 kobolds
  26 rats
102 creatures vanquished.

Notes
Turn   | Place    | Note
-------+----------+-------------------------------------------
     0 | D:1      | qw the Gargoyle Hexslinger began the quest for the Orb.
     0 | D:1      | Reached XP level 1. HP: 12/12 MP: 2/2
     0 | D:1      | 0 ||| qw: Version: 0.3-a-46-gb1f654a
     0 | D:1      | 0 ||| qw: Game counter: 1492
     0 | D:1      | 0 ||| qw: Melee chars always use a shield: true
     0 | D:1      | 0 ||| qw: God list: Okawaru
     0 | D:1      | 0 ||| qw: Allow faded altars: false
     0 | D:1      | 0 ||| qw: Do Orc after clearing Dungeon:15 true
     0 | D:1      | 0 ||| qw: Do second Lair branch before Depths: true
     0 | D:1      | 0 ||| qw: Lair rune preference: random
     0 | D:1      | 0 ||| qw: Goals: Normal
     0 | D:1      | 0 ||| PLANNING D:1-11
   301 | D:1      | Reached XP level 2. HP: 16/16 MP: 3/3
   381 | D:1      | 381 ||| FLEEEEING.
   382 | D:1      | 382 ||| FLEEEEING.
   383 | D:1      | 383 ||| FLEEEEING.
   396 | D:1      | Reached skill level 3 in Ranged Weapons
   872 | D:1      | 872 ||| UPGRADING to ring of positive energy.
   873 | D:1      | 873 ||| READING scroll labelled DEWORH ZEKH.
   874 | D:1      | 874 ||| READING scroll labelled DUUGGI VITZIL.
   975 | D:1      | 975 ||| READING scroll labelled ZYCIFO OZISEIRR.
   975 | D:1      | Identified a scroll of acquirement
   975 | D:1      | 975 ||| ACQUIRING ring of Makhleb's Inspiration {MP+9
                  | Slay+4}
   975 | D:1      | Acquired the ring of Makhleb's Inspiration {MP+9 Slay+4}
   977 | D:1      | 977 ||| UPGRADING to ring of Makhleb's Inspiration {MP+9
                  | Slay+4}.
  1047 | D:1      | 1047 ||| READING scroll labelled TITHAT SIBIR.
  1048 | D:1      | 1048 ||| READING scroll labelled OQIRUK HERGHITU.
  1052 | D:1      | 1052 ||| DROPPING scroll of poison.
  1118 | D:2      | Reached XP level 3. HP: 21/21 MP: 4/4
  1425 | D:2      | Reached XP level 4. HP: 26/26 MP: 5/5
  1618 | D:2      | 1618 ||| UPGRADING to +0 leather armour.
  1628 | D:2      | 1628 ||| DROPPING +0 robe.
  1629 | D:2      | 1629 ||| UPGRADING to +0 pair of gloves.
  1634 | D:2      | 1634 ||| READING scroll labelled YFRECEIROA.
  1635 | D:2      | 1635 ||| READING scroll labelled NIRYUNK SAPT.
  1636 | D:2      | 1636 ||| DRINKING 2 puce potions.
  1637 | D:2      | 1637 ||| DRINKING 3 black potions.
  1695 | D:3      | 1695 ||| Stepping ~*~*~tactically~*~*~ (outnumbered).
  1748 | D:3      | Reached skill level 4 in Ranged Weapons
  1751 | D:3      | 1751 ||| READING 2 scrolls of identify.
  1751 | D:3      | 1751 ||| IDENTIFYING bubbling purple potion
  1752 | D:3      | 1752 ||| DROPPING potion of invisibility.
  1983 | D:3      | Found a runed translucent gate.
  1983 | D:3      | Found a runed translucent gate.
  1985 | D:3      | Found a runed translucent gate.
  2061 | D:3      | Found a white marble altar of Elyvilon.
  2423 | D:3      | Noticed qw's ghost (weakling GrFi)
  2425 | D:3      | 2425 ||| DROPPING +6 ring of intelligence.
  2433 | D:4      | 2433 ||| PLANNING SEWER
  2462 | D:4      | Reached XP level 5. HP: 30/30 MP: 6/6
  2484 | D:4      | Reached skill level 5 in Ranged Weapons
  2532 | D:4      | Identified the +1 chain mail of Greed {Will+}
  2665 | D:4      | Found a sacrificial altar of Ru.
  2876 | D:4      | Found a glowing drain.
  2888 | D:4      | 2888 ||| READING scroll labelled FEDYQYV UNEGHO.
  2889 | D:4      | 2889 ||| READING scroll labelled PIPHUM UTOT.
  2890 | D:4      | 2890 ||| DRINKING 2 fizzy purple potions.
  2891 | D:4      | 2891 ||| DROPPING potion of degeneration.
  2898 | Sewer    | Entered a sewer
  2912 | Sewer    | 2912 ||| Stepping ~*~*~tactically~*~*~ (water).
  2979 | Sewer    | Reached skill level 3 in Fighting
  3079 | Sewer    | Reached XP level 6. HP: 37/37 MP: 7/7
  3152 | Sewer    | 3152 ||| Stepping ~*~*~tactically~*~*~ (water).
  3160 | Sewer    | HP: 7/37 [ball python (3)]
  3160 | Sewer    | HP: 3/37 [constriction (1)]
  3161 | Sewer    | 3161 ||| READING 2 scrolls of teleportation.
  3161 | Sewer    | Slain by a bullfrog

Levels and vault maps discovered:
D:1:      scummos_arrival_hexagon, layout_loops_corners
D:2:      layout_basic
D:3:      layout_loops_cross, elyvilon_altar_3, gammafunk_ghost_necromancy,
          dreamdust_mushroom_princess, grunt_ministairs_6,
          grunt_decor_arrowhead, nicolae_concentric_dashed_squares_mild
D:4:      layout_gridville, nicolae_ru_path_of_blood,
          cheibrodos_sewer_entry_bend, uniq_ijyb
Sewer:    sewer_minmay_w

Skill      XL: |  1  2  3  4  5 |
---------------+----------------+-----
Ranged Weapons | 3 4 5 |  5.6
Fighting       | 2 3 |  3.0
Dodging        | |  1.5
Spellcasting   | |  1.0
Hexes          | |  2.6

Action                     |  1- 3 |  4- 6 || total
---------------------------+-------+-------++-------
   Fire: Sling             |    80 |   149 ||   229
    Use: Scroll            |     5 |     6 ||    11
         Potion            |       |     3 ||     3
 Armour: Robe              |    12 |       ||    12
         Leather armour    |       |    60 ||    60
  Dodge: Dodged            |    25 |    69 ||    94

Table legend:
 A = Non-vault XP
 B = Vault XP
 C = Vault XP percentage of total XP
 D = Non-vault monster count
 E = Vault monster count
 F = Vault count percentage of total count
                 A         B        C        D         E       F
            +---------+---------+-------+---------+---------+-------
      Total |     223 |     132 |  37.2 |      56 |      46 |  45.1
            +---------+---------+-------+---------+---------+-------
        D:1 |      29 |       0 |   0.0 |      16 |       0 |   0.0
        D:2 |      56 |       0 |   0.0 |      12 |       0 |   0.0
        D:3 |      76 |       3 |   3.8 |      19 |       2 |   9.5
        D:4 |      62 |       5 |   7.5 |       9 |       1 |  10.0
      Sewer |       0 |     124 | 100.0 |       0 |      43 | 100.0
            +---------+---------+-------+---------+---------+-------
